 Dungeon Crawl Stone Soup version 0.25-a0-443-gece2dee (webtiles) character file.

Game seed: 1696430096160739143, levelgen mode: deterministic

7703 Auros the Slinger (level 11, 0/72 HPs)
             Began as a Halfling Fighter on Jan 29, 2020.
             Was a Believer of Fedhas.
             Slain by a killer bee (4 damage)
             ... on level 10 of the Dungeon on Jan 30, 2020.
             The game lasted 01:20:02 (13232 turns).

Auros the Slinger (Halfling Fighter)               Turns: 13232, Time: 01:20:02

Health: 0/72       AC: 17    Str: 20    XL:     11   Next: 42%
Magic:  22/22      EV:  7    Int:  6    God:    Fedhas [**....]
Gold:   456        SH:  0    Dex: 19    Spells: 10/10 levels left

rFire    + + .     SeeInvis .   n - +7 hunting sling of Cruel Justice {venom, *Contam rPois rF++ MP+9}
rCold    + . .     Gourm    .   j - +0 shield
rNeg     . . .     Faith    .   C - +0 chain mail
rPois    +         Spirit   .   y - +2 helmet
rElec    .         Reflect  .   c - +0 cloak
rCorr    .         Harm     .   K - +0 pair of gloves
MR       .....                  (no boots)
Stlth    ..........             (no amulet)
HPRegen  0.22/turn              h - ring of protection from cold
MPRegen  0.18/turn              k - +4 ring of dexterity

@: about to teleport, vulnerable, petrifying, very slow
A: small, mutation resistance 1
a: Wall of Briars, Renounce Religion


You were on level 10 of the Dungeon.
You worshipped Fedhas.
Fedhas was pleased with you.
You were not hungry.

You visited 2 branches of the dungeon, and saw 11 of its levels.
You also visited: Bailey.

You collected 638 gold pieces.
You spent 182 gold pieces at shops.

Inventory:

Hand Weapons
 n - the +7 hunting sling of Cruel Justice (weapon) {venom, *Contam rPois rF++ MP+9}
   (You bought it in a shop on level 7 of the Dungeon)

   It poisons the ammo it fires.
   It greatly protects you from fire.
   It protects you from poison.
   It affects your magic capacity (+9).
   It causes magical contamination when unequipped.
 M - a +1 short sword of venom
Missiles
 m - 4 atropa-tipped darts
 o - 61 sling bullets
 p - 54 poisoned darts
 r - 64 bolts
 s - 149 arrows
 u - 4 throwing nets
 B - 11 boomerangs
 Z - 193 stones (quivered)
Armour
 c - a +0 cloak (worn)
 j - a +0 shield (worn)
 w - a +0 plate armour
 y - a +2 helmet (worn)
 C - a +0 chain mail (worn)
 K - a +0 pair of gloves (worn)
Jewellery
 f - an uncursed ring of fire
 h - a ring of protection from cold (left hand)
 k - a +4 ring of dexterity (right hand)
 G - an uncursed ring of magical power
 N - an uncursed ring of protection from fire
Wands
 v - a wand of digging (8)
 D - a wand of scattershot (2)
 I - a wand of disintegration (9)
 L - a wand of random effects (21)
Scrolls
 e - 3 scrolls of magic mapping
 i - a scroll of identify
 q - 3 scrolls of fog
 t - a scroll of teleportation
 H - a scroll of vulnerability
 O - a scroll of enchant weapon {unknown}
 P - a scroll of summoning
Potions
 a - 7 potions of degeneration
 b - a potion of cancellation {unknown}
 d - 2 potions of might
 g - 3 potions of mutation
 l - 3 potions of heal wounds
 x - a potion of haste {unknown}
 A - a potion of magic
 E - 2 potions of resistance {unknown}
 F - 2 potions of berserk rage
 J - a potion of agility
Comestibles
 z - 12 rations
 Q - 4 chunks of flesh


   Skills:
 + Level 5.6 Fighting
 - Level 7.4 Short Blades
 + Level 12.6 Slings
 + Level 8.0 Armour
 + Level 6.9 Dodging
 + Level 7.9 Shields
 + Level 3.2 Invocations


You had 10 spell levels left.
You didn't know any spells.
Your spell library contained the following spells:

 Spells                   Type           Power        Failure   Level  Hunger
 Beastly Appendage        Tmut           #.....       100%        1    ##.....
 Magic Dart               Conj           #...         100%        1    ##.....
 Searing Ray              Conj           #.....       100%        2    ###....
 Sticks to Snakes         Tmut           #.......     100%        2    ###....
 Dazzling Flash           Conj/Hex       #.....       100%        3    ####...
 Recall                   Summ/Tloc      N/A          100%        3    ####...
 Spider Form              Tmut/Pois      #.........   100%        3    ####...
 Fulminant Prism          Conj/Hex       #.........   100%        4    #####..
 Ice Form                 Ice/Tmut       #.......     100%        4    #####..
 Iskenderun's Mystic Bla  Conj/Tloc      #.......     100%        4    #####..
 Aura of Abjuration       Summ           #.........   100%        5    ######.
 Blade Hands              Tmut           #.........   100%        5    ######.
 Summon Demon             Summ           #.........   100%        5    ######.
 Summon Forest            Summ/Tloc      #.........   100%        5    ######.
 Summon Mana Viper        Hex/Summ       #.......     100%        5    ######.
 Shadow Creatures         Summ           N/A          100%        6    #######


Dungeon Overview and Level Annotations

Branches:
Dungeon (10/15)            Temple (1/1) D:7             Orc (0/2) D:9
 Bailey (visited)
   Lair: D:8-11

Altars:
Ashenzari
Cheibriados
Dithmenos
Elyvilon
Fedhas
Gozag
Hepliaklqana
Kikubaaqudgha
Makhleb
Nemelex Xobeh
Okawaru
Qazlal
Ru
Sif Muna
Trog
Uskayaw
Vehumet
Wu Jian
Xom
Yredelemnul
Zin
The Shining One

Shops:
D:4 *((   D:5 *   D:7 *   D:9 :

Annotations:
D:4 2 runed translucent doors, Remcycle's ghost, novice DsFi
D:6 1 runed translucent door, Crazy Yiuf


Innate Abilities, Weirdness & Mutations

You are small and have problems with some larger weapons.
You are somewhat resistant to further mutation.


Message History

The killer bee closely misses you. The basilisk closely misses you.
As you read the scroll labeled BYICUFYNOCH, it crumbles to dust.
Magic quickly surges around you.
It was a scroll of vulnerability.
You block the killer bee's attack.
The killer bee stings you but does no damage.
You block the killer bee's attack. The killer bee barely misses you.
The basilisk bites you but does no damage.
The killer bee misses you.
The killer bee stings you but does no damage.
As you read the scroll labeled TEB FIETEM, it crumbles to dust.
Wisps of shadow whirl around you...
It was a scroll of summoning.
The killer bee barely misses you. The killer bee misses you.
The basilisk gazes at you.
You are slowing down.
The killer bee stings you.
* * * LOW HITPOINT WARNING * * *
The killer bee stings you but does no damage.
The killer bee stings you!
You die...
Fedhas appreciates your contribution to the ecosystem.

....... ..... .##
..... ...### ....
#...### #.y#
##....#### #yy#
###.....### #yy##
###.....#####@y##
###.....#...lr####
###.....S.Z....##
#............((
##.............#
##............(..
#..#...........#.
##..##.........##
##..###.........#


You could see a basilisk, 6 killer bees, a friendly adder, a friendly quokka and
a friendly centaur warrior skeleton.

Vanquished Creatures
  2 two-headed ogres
  A hippogriff (D:7)
  A wyvern (D:9)
  Eustachio (D:4)
  Purgy (D:4)
  A porcupine (D:10)
  A swamp drake (D:9)
  5 phantoms
  2 ice beasts
  6 orc warriors
  A sky beast (D:8)
  2 black bears (D:7)
  2 necrophages (D:9)
  7 ogres
  4 centaurs
  A crocodile (D:10)
  An elf zombie (D:4)
  6 big kobolds
  5 bullfrogs
  A gnoll sergeant (D:9)
  An elf skeleton (D:4)
  A wyvern skeleton (D:6)
  A scorpion (D:9)
  5 wights (D:9)
  4 crimson imps
  8 hounds
  6 jellies (D:6)
  3 orc priests
  A gnoll shaman (D:5)
  4 orc wizards
  A centaur skeleton (D:8)
  A human skeleton (D:4)
  Ijyb (D:4)
  5 iguanas
  4 worker ants
  A killer bee zombie (D:8)
  A worker ant zombie (D:5)
  Robin (D:4)
  21 gnolls
  8 adders
  2 shadow imps (D:8)
  4 oozes
  5 adder skeletons
  A worm (D:4)
  2 dart slugs
  7 leopard geckos
  30 orcs
  5 giant cockroaches
  5 hobgoblins
  16 jackals
  18 kobolds
  6 quokkas
  6 bats
  5 frilled lizards
  12 goblins
  An orc skeleton (D:4)
  2 orc zombies (D:4)
  12 rats
268 creatures vanquished.

Vanquished Creatures (collateral kills)
  A troll (D:9)
  An orc wizard (D:9)
  An orc (D:9)
3 creatures vanquished.

Vanquished Creatures (others)
  A bush (D:10)
  10 fungi
  12 plants (D:10)
  7 toadstools (D:6)
30 creatures vanquished.

Grand Total: 301 creatures vanquished

Notes
Turn   | Place    | Note
-------+----------+-------------------------------------------
     0 | D:1      | Auros the Halfling Fighter began the quest for the Orb.
     0 | D:1      | Reached XP level 1. HP: 15/15 MP: 1/1
   137 | D:1      | Reached XP level 2. HP: 20/20 MP: 2/2
   733 | D:2      | Reached XP level 3. HP: 25/25 MP: 3/3
  1517 | D:2      | Found a white marble altar of Elyvilon.
  1715 | D:2      | Reached XP level 4. HP: 22/30 MP: 4/4
  2091 | D:3      | Reached skill level 5 in Short Blades
  2332 | D:4      | Found Hunacatisk's Antique Weapon Shop.
  2351 | D:4      | Found a runed translucent door.
  2351 | D:4      | Noticed Remcycle's ghost (novice DsFi)
  2445 | D:4      | Reached skill level 1 in Slings
  2453 | D:4      | Found Zusinofo's General Store.
  2548 | D:4      | Reached XP level 5. HP: 36/36 MP: 5/5
  2580 | D:4      | Found a shattered altar of Ashenzari.
  2587 | D:4      | Noticed Robin
  2601 | D:4      | Killed Robin
  2601 | D:4      | Reached skill level 2 in Slings
  2761 | D:4      | Noticed Purgy
  2785 | D:4      | Killed Purgy
  2785 | D:4      | Reached skill level 5 in Slings
  2785 | D:4      | Reached XP level 6. HP: 17/41 MP: 6/6
  3009 | D:4      | Reached skill level 6 in Slings
  3210 | D:4      | Reached skill level 7 in Slings
  3210 | D:4      | Reached XP level 7. HP: 19/45 MP: 7/7
  3559 | D:4      | Noticed Eustachio
  3610 | D:4      | Killed Eustachio
  3610 | D:4      | Reached skill level 8 in Slings
  3640 | D:4      | Reached skill level 9 in Slings
  3894 | D:4      | Found Kaucyt's Weapon Shop.
  3940 | D:4      | Noticed Ijyb
  3959 | D:4      | Killed Ijyb
  4060 | D:4      | Found a runed translucent door.
  4095 | D:5      | Entered Level 5 of the Dungeon
  4135 | D:5      | Reached skill level 10 in Slings
  4135 | D:5      | Reached XP level 8. HP: 51/51 MP: 8/8
  4174 | D:5      | Found Asuapsao's General Store.
  4257 | D:5      | Found a shadowy altar of Dithmenos.
  4312 | D:5      | Found an iron altar of Okawaru.
  4438 | D:4      | Reached skill level 11 in Slings
  5468 | D:6      | Reached skill level 12 in Slings
  5497 | D:6      | Found a stormy altar of Qazlal.
  5498 | D:6      | Found a bloodstained altar of Trog.
  5576 | D:6      | Reached skill level 1 in Dodging
  5731 | D:6      | Reached XP level 9. HP: 52/55 MP: 9/9
  5808 | D:6      | Noticed a slime creature
  5808 | D:6      | Noticed a slime creature
  6571 | D:5      | Reached skill level 5 in Shields
  6643 | D:6      | Reached skill level 5 in Armour
  6935 | D:6      | Found an ornate altar of the Wu Jian Council.
  7167 | D:6      | Found a runed translucent door.
  7168 | D:6      | Noticed Crazy Yiuf
  8510 | D:7      | Found a flagged portal.
  8524 | Bailey   | Entered a bailey
  8709 | Bailey   | Reached XP level 10. HP: 35/63 MP: 10/10
  8715 | Bailey   | Noticed a kobold demonologist
  9000 | D:7      | Found Lecos's Assorted Antiques.
  9008 | D:7      | Bought a steaming hunting sling for 182 gold pieces
  9008 | D:7      | Identified the +7 hunting sling of Cruel Justice {venom,
                  | *Contam rPois rF++ MP+9} (You bought it in a shop on level
                  | 7 of the Dungeon)
  9084 | D:7      | Found a glowing silver altar of Zin.
  9281 | D:7      | Found a staircase to the Ecumenical Temple.
  9287 | Temple   | Entered the Ecumenical Temple
  9488 | Temple   | Became a worshipper of Fedhas Madash
  9912 | D:7      | Reached skill level 5 in Dodging
 10431 | D:8      | Noticed a two-headed ogre
 10532 | D:7      | Killed a two-headed ogre
 11366 | D:8      | Reached * piety under Fedhas
 11632 | D:9      | Found a sparkling altar of Nemelex Xobeh.
 11686 | D:9      | Reached skill level 1 in Invocations
 11844 | D:9      | Reached skill level 5 in Fighting
 11863 | D:9      | Reached XP level 11. HP: 71/71 MP: 12/12
 11925 | D:9      | Found Xefod's Book Boutique.
 12025 | D:9      | Found a radiant altar of Vehumet.
 12087 | D:9      | 900 gold for transloc book
 12116 | D:9      | Found a hide-covered altar of Uskayaw.
 12121 | D:9      | Noticed a +0 dagger
 12122 | D:9      | Noticed a +0 hand axe
 12268 | D:9      | Reached ** piety under Fedhas
 12455 | D:9      | Found a staircase to the Orcish Mines.
 12740 | D:10     | Entered Level 10 of the Dungeon
 12831 | D:10     | Found a shimmering altar of Xom.
 12918 | D:10     | Noticed a two-headed ogre
 12967 | D:10     | Killed a two-headed ogre
 13232 | D:10     | Slain by a killer bee

Levels and vault maps discovered:
D:1:      lemuel_arrival_room, layout_loops_ring, kennysheep_nondescript,
          minmay_domino_2
D:2:      layout_loops_ring, nicolae_overflow_hidden_temple, first_ration
D:3:      layout_rooms, minmay_misc_feat_room, nicolae_underground_beach
D:4:      layout_loops_ring, nicolae_ossuary_entry_catacombs, serial_shops,
          shop, shop, shop, ebering_ghost_sewer_f, ashenzari_altar_1,
          uniq_eustachio, uniq_robin, uniq_ijyb, uniq_purgy
D:5:      layout_loops_ring, okawaru_trees_2, serial_shops,
          kennysheep_mini_moat, basic_altar, grunt_decor_cap,
          chequers_serial_rivers_micro_e
D:6:      cheibrodos_fertilizer, layout_loops_ring, old_standard_altar,
          grunt_temple_overflow_open, serial_park_tiny_2, minmay_quadrilaterals,
          uniq_crazy_yiuf_cottage
D:7:      cheibrodos_quashed, layout_basic, lemuel_doored_altar,
          minmay_temple_entry_waves, enter_bailey_2, serial_shops, shop,
          st_stairs_6
D:8:      layout_loops_ring
D:9:      layout_long_grid, dancing_weapons_uskayaw, marbit_many_paths,
          nemelex_xobeh_ov_fountains_minmay, erik_orc_1, serial_shops,
          shop_fountains
D:10:     layout_cave_pods, minmay_lair_entry_grove, basic_altar, the_bakery
Temple:   nicolae_temple_figure_eight

Skill      XL: |  1  2  3  4  5  6  7  8  9 10 11 |
---------------+----------------------------------+-----
Short Blades   | 3 4 5 7 |  7.4
Slings         | 1 5 7 10 12 | 12.6
Dodging        | 1 4 6 |  6.9
Shields        | 4 5 7 |  7.9
Armour         | 4 5 7 8 |  8.0
Fighting       | 3 5 |  5.6
Invocations    | 1 3 |  3.2

Action                   |  1- 3 |  4- 6 |  7- 9 | 10-12 || total
-------------------------+-------+-------+-------+-------++-------
Melee: Rapier            |    87 |   184 |   225 |       ||   496
       Long sword        |       |       |   148 |       ||   148
       Short sword       |       |       |   249 |    23 ||   272
       Hunting sling     |       |       |       |    12 ||    12
 Fire: Hunting sling     |       |       |   122 |   314 ||   436
Throw: Stone             |    73 |    27 |     4 |       ||   104
Invok: Wall of Briars    |       |       |       |     1 ||     1
Evoke: Wand              |       |       |       |     3 ||     3
  Use: Potion            |       |       |     2 |       ||     2
       Scroll            |       |       |    12 |     6 ||    18
 Stab: Invisible         |       |       |     2 |       ||     2
  Eat: Chunk             |     2 |     4 |     6 |    14 ||    26
       Ration            |       |       |     4 |       ||     4
Armor: Scale mail        |    37 |    64 |   194 |    10 ||   305
       Chain mail        |       |       |       |   121 ||   121
Dodge: Dodged            |    30 |    52 |   205 |    93 ||   380
Block: Shield            |    40 |    95 |   340 |   107 ||   582
       Rpst.: Long sword |       |       |    14 |       ||    14

Table legend:
 A = Non-vault XP
 B = Vault XP
 C = Vault XP percentage of total XP
 D = Non-vault monster count
 E = Vault monster count
 F = Vault count percentage of total count
                 A         B        C        D         E       F
            +---------+---------+-------+---------+---------+-------
      Total |    8161 |    2844 |  25.8 |     206 |      65 |  24.0
            +---------+---------+-------+---------+---------+-------
        D:1 |      23 |       0 |   0.0 |      16 |       0 |   0.0
        D:2 |      62 |       0 |   0.0 |      22 |       0 |   0.0
        D:3 |      31 |       0 |   0.0 |      12 |       0 |   0.0
        D:4 |     239 |     624 |  72.3 |      12 |      16 |  57.1
        D:5 |     594 |     116 |  16.3 |      22 |       1 |   4.3
        D:6 |     902 |     782 |  46.4 |      23 |      18 |  43.9
        D:7 |    2327 |     136 |   5.5 |      23 |       1 |   4.2
        D:8 |     738 |       0 |   0.0 |      22 |       0 |   0.0
        D:9 |    2073 |     614 |  22.9 |      44 |      18 |  29.0
       D:10 |    1172 |     287 |  19.7 |      10 |       3 |  23.1
     Bailey |       0 |     285 | 100.0 |       0 |       8 | 100.0
            +---------+---------+-------+---------+---------+-------
